 Dungeon Crawl Stone Soup version 0.22-a0-246-gdc04c06 (webtiles) character file.

23 Avernum the Ducker (level 3, 35/35 HPs)
             Began as a Gnoll Monk on Feb 22, 2018.
             Quit the game on level 1 of the Dungeon.
             The game lasted 00:01:54 (423 turns).

Avernum the Ducker (Gnoll Monk)                      Turns: 423, Time: 00:01:54

Health: 35/35      AC:  0    Str: 13    XL:     3   Next: 0%
Magic:  1/1        EV: 17    Int: 12    God:
Gold:   79         SH:  0    Dex: 18    Spells: 3/3 levels left

rFire    . . .     SeeInvis .   f - +0 dagger (antimagic)
rCold    . . .     Gourm    .   (no shield)
rNeg     . . .     Faith    .   (no armour)
rPois    .         Spirit   .   (no helmet)
rElec    .         Reflect  .   (no cloak)
rCorr    .         Harm     .   (no gloves)
MR       .....                  (no boots)
Stlth    +++.......             (no amulet)
HPRegen  0.11/turn              (no ring)
MPRegen  0.07/turn              (no ring)

@: no status effects
A: distributed training, fangs 1, strong nose
a: no special abilities


You were on level 1 of the Dungeon.
You were not hungry.

You visited 1 branch of the dungeon, and saw 1 of its levels.

You collected 79 gold pieces.

Inventory:

Hand Weapons
 f - a +0 antimagic dagger (weapon)
Armour
 d - a +0 leather armour
Scrolls
 a - a scroll of random uselessness {unknown}
 b - a scroll of teleportation
 j - a scroll of enchant armour {unknown}
 k - a scroll of remove curse {unknown}
 m - a scroll of immolation {unknown}
Potions
 e - a potion of flight {unknown}
 h - a potion of agility {unknown}
 i - a potion of haste {unknown}
 l - a potion of curing {unknown}
Comestibles
 c - 3 rations
 g - a chunk of flesh


   Skills:
 + Level 6.5 Fighting
 + Level 6.5 Short Blades
 + Level 0.5 Long Blades
 + Level 0.5 Axes
 + Level 0.5 Maces & Flails
 + Level 0.5 Polearms
 + Level 0.5 Staves
 + Level 0.5 Slings
 + Level 0.5 Bows
 + Level 0.5 Crossbows
 + Level 0.5 Throwing
 + Level 0.5 Armour
 + Level 6.5 Dodging
 + Level 4.1 Stealth
 + Level 0.5 Shields
 + Level 0.5 Unarmed Combat
 + Level 0.5 Spellcasting
 + Level 0.4 Conjurations
 + Level 0.4 Hexes
 + Level 0.4 Charms
 + Level 0.4 Summonings
 + Level 0.4 Necromancy
 + Level 0.4 Translocations
 + Level 0.4 Transmutations
 + Level 0.4 Fire Magic
 + Level 0.4 Ice Magic
 + Level 0.4 Air Magic
 + Level 0.4 Earth Magic
 + Level 0.4 Poison Magic
 + Level 0.7 Invocations
 + Level 0.5 Evocations


You had 3 spell levels left.
You didn't know any spells.

Dungeon Overview and Level Annotations

Branches:
Dungeon (1/15)

Altars:


Innate Abilities, Weirdness & Mutations

Your experience applies equally to all skills.
You have very sharp teeth.
Your uncanny sense of smell can sniff out nearby items.


Message History

You finish taking off your +0 leather armour.
You start putting on your armour.
You continue putting on your scale mail. x5
You finish putting on your +0 scale mail.
The frilled lizard is too close now for your liking.
A frilled lizard is nearby!
The frilled lizard hisses angrily.
The frilled lizard bites you but does no damage.
You barely miss the frilled lizard. You hit the frilled lizard.
You kill the frilled lizard!
You have reached level 3!
Your experience leads to an increase in your attributes!
Increase (S)trength, (I)ntelligence, or (D)exterity?
You feel agile.
You start removing your armour.
You continue taking off your +0 scale mail. x4
You finish taking off your +0 scale mail.
You drop a +0 scale mail.
Are you sure you want to abandon this character and quit the game? (Confirm with "yes".)

...#........# #.# ##....###.#.
...########.###.# ####.###...
..+#...####...#.##
####......###
.####..(......(..###......##..#
######...######...#..##.### #
#....###.....##.....#...#
####..................#####
#############..........#
#..@#.....##.#
......#........#.# ∆
#######..........##
#...........# #...........#
#########...# #####


There were no monsters in sight!

Vanquished Creatures
  2 dart slugs (D:1)
  A giant cockroach (D:1)
  2 goblins (D:1)
  A hobgoblin (D:1)
  2 jackals (D:1)
  A bat (D:1)
  4 frilled lizards (D:1)
  3 kobolds (D:1)
  5 rats (D:1)
21 creatures vanquished.

Notes
Turn   | Place    | Note
-------+----------+-------------------------------------------
     0 | D:1      | Avernum the Gnoll Monk began the quest for the Orb.
     0 | D:1      | Reached XP level 1. HP: 23/23 MP: 1/1
    94 | D:1      | Reached XP level 2. HP: 22/29 MP: 0/2
   416 | D:1      | Reached XP level 3. HP: 35/35 MP: 1/3
   423 | D:1      | Quit the game

Vault maps used:
D:1:      lemuel_arrival_rhombus

Action                   || total
-------------------------++-------
Melee: Dagger            ||    70
       Bite              ||     5
       Short sword       ||     1
  Use: Scroll            ||     1
 Stab: Sleeping          ||     4
Armor: Leather armour    ||    14
       Scale mail        ||     1
Dodge: Dodged            ||    62

Table legend:
 A = Spawn XP
 B = Non-spawn XP
 C = Spawn XP percentage of total XP
 D = Spawn monster count
 E = Non-spawn monster count
 F = Spawn count percentage of total count
 G = Total turns spent on level
                    A         B        C        D         E        F      G
               +---------+---------+-------+---------+---------+-------+---------
         Total |       0 |      34 |   0.0 |       0 |      21 |   0.0 |   423
               +---------+---------+-------+---------+---------+-------+---------
           D:1 |       0 |      34 |   0.0 |       0 |      21 |   0.0 |   423
               +---------+---------+-------+---------+---------+-------+---------
